 Dungeon Crawl Stone Soup version 0.31.0-2-g5a2aebc5c2 (webtiles) character file.

Game seed: 3465075803138310984

149 Cheops the Poker (level 5, -1/41 HPs)
             Began as a Formicid Fighter on Jan 20, 2024.
             Killed by nerve-wracking pain
             ... invoked by Grinder
              (13 damage)
             ... on level 3 of the Dungeon.
             The game lasted 00:03:11 (2195 turns).

Cheops the Poker (Formicid Fighter)                 Turns: 2195, Time: 00:03:11

Health: -1/41      AC: 10    Str: 22    XL:     5   Next: 57%
Magic:  5/5        EV:  8    Int:  8    God:
Gold:   144        SH:  5    Dex: 13    Spells: 4/4 levels left

rFire   . . .        a - +0 trident
rCold   . . .        l - +0 buckler
rNeg    . . .        n - +0 chain mail
rPois   .            (helmet unavailable)
rElec   .            (no cloak)
rCorr   .            f - +0 pair of gloves
SInv    +            (no boots)
Will    .....        (no amulet) Stlth
                     (no ring)
HPRegen 0.26/turn    (no ring)
MPRegen 0.09/turn

%: no passive effects
@: mighty
A: permanent stasis, dig shafts and tunnels, antennae 3, four strong arms
a: Dig, Shaft Self


You were on level 3 of the Dungeon.
You visited 1 branch of the dungeon, and saw 3 of its levels.

You collected 144 gold pieces.

Inventory:

Hand Weapons
 a - a +0 trident (weapon)
Armour
 b - a +0 scale mail
 f - a +0 pair of gloves (worn)
 l - a +0 buckler (worn)
 n - a +0 chain mail (worn)
Magical Staves
 c - a staff of air
Jewellery
 p - a ring of resist corrosion
 q - an amulet of guardian spirit
Scrolls
 g - 3 scrolls of amnesia {unknown}
 i - 5 scrolls of identify {unknown}
 j - a scroll of enchant armour {unknown}
 k - a scroll of fog {unknown}
 m - a scroll of revelation {unknown}
Potions
 d - 2 potions of might
 h - a potion of brilliance {unknown}
 o - a potion of degeneration {unknown}


   Skills:
 - Level 3.2 Fighting
 + Level 5.3 Polearms
 - Level 3.2 Armour
 - Level 4.0 Shields


You had 4 spell levels left.
You didn't know any spells.
Your spell library contained the following spells:

 Spells                   Type           Power      Damage    Failure   Level
 Apportation              Tloc           0%         N/A       98%         1
 Foxfire                  Conj/Fire      0%         2x1d4     98%         1
 Jinxbite                 Hex            0%         N/A       99%         2
 Alistair's Intoxication  Alch           0%         N/A       100%        5
 Plasma Beam              Fire/Air       0%         2x1d10    100%        6
 Starburst                Conj/Fire      0%         6d3       100%        6


Dungeon Overview and Level Annotations

Branches:
Dungeon (3/15)

Altars:

Annotations:
D:3 Grinder


Innate Abilities, Weirdness & Mutations

You cannot be hasted, slowed, berserked, paralysed or teleported.
You can dig through walls and to a lower floor.
You have a pair of large antennae on your head. (SInv)
Your four strong arms can wield two-handed weapons with a shield.


Message History

* * * LOW HITPOINT WARNING * * *
You hit Grinder.
Grinder is heavily wounded.
Grinder hits you but does no damage.
You closely miss Grinder.
Grinder is heavily wounded.
Grinder gestures at you.
You struggle to resist.
You barely miss Grinder.
Grinder is heavily wounded.
Grinder closely misses you.
You barely miss Grinder.
Grinder is heavily wounded.
Grinder hits you.
* * * LOW HITPOINT WARNING * * *
You writhe in agony.
* * * LOW HITPOINT WARNING * * *
Unknown command.
Unknown command.
You closely miss Grinder.
Grinder is heavily wounded.
Grinder blinks!
Grinder gestures at you. Pain shoots through your body!
* * * LOW HITPOINT WARNING * * *
Unknown command.
Unknown command.
You closely miss Grinder.
Grinder is heavily wounded.
Grinder hits you!
* * * LOW HITPOINT WARNING * * *
Grinder barely misses you.
Unknown command.
Unknown command.
Unknown command.
It was a potion of curing.
You feel better. Grinder gestures at you. Pain shoots through your body!
You die...
Grinder sighs, "Dead already?
I want a refund."

#......#..........#
####....
#......#...#####..#
........
######.#...######.#
........ #.#...#......#
........
#.#...#.##############'
#.#...#.#..#.......[...
#.....#.#......<#######
#########.##.##.#.##.....
......$.@5..?##.#.##.####
.###.......#.##.#)##)#
#.####.)# ##.#)##.### ..
...# ..#......# ## ##.#
..#....#.# .. ..#....#.#
.#. ......# #
.#.#########


You could see Grinder.

Vanquished Creatures
  A bombardier beetle (D:3)
  Terence (D:2)
  4 adders
  2 ribbon worms
  A dart slug (D:1)
  4 orcs (D:3)
  7 endoplasms
  3 goblins
  4 hobgoblins
  2 quokkas
  5 ball pythons
  7 bats
  4 frilled lizards
  3 kobolds
  3 rats
51 creatures vanquished.

Notes
Turn   | Place    | Note
-------+----------+-------------------------------------------
     0 | D:1      | Cheops the Formicid Fighter began the quest for the Orb.
     0 | D:1      | Reached XP level 1. HP: 18/18 MP: 1/1
   126 | D:1      | Reached XP level 2. HP: 24/24 MP: 2/2
   247 | D:1      | Reached skill level 3 in Polearms
   626 | D:1      | Reached XP level 3. HP: 21/29 MP: 3/3
  1361 | D:2      | Noticed Terence
  1382 | D:2      | Killed Terence
  1383 | D:2      | Reached skill level 4 in Polearms
  1383 | D:2      | Reached XP level 4. HP: 22/35 MP: 4/4
  1851 | D:3      | Reached XP level 5. HP: 41/41 MP: 5/5
  1909 | D:3      | Reached skill level 5 in Polearms
  2179 | D:3      | Noticed Grinder
  2195 | D:3      | Killed from afar by Grinder

Illustrated notes

Levels and vault maps discovered:
D:1:      saegor_arrival_simple_c, layout_loops_ring, st_stairs_9,
          chequers_arboretum
D:2:      layout_basic, minmay_stone_trees_large, minmay_tree_intersection,
          uniq_terence
D:3:      layout_basic, uniq_grinder

Skill      XL: |  1  2  3  4  5 |
---------------+----------------+-----
Polearms       | 3 4 5 |  5.3
Fighting       | |  3.2
Armour         | |  3.2
Shields        | |  4.0

Action                     |  1- 3 |  4- 6 || total
---------------------------+-------+-------++-------
  Melee: Trident           |   108 |    76 ||   184
    Use: Potion            |       |     2 ||     2
 Armour: Scale mail        |    58 |       ||    58
         Chain mail        |       |    34 ||    34
  Dodge: Dodged            |    27 |    15 ||    42
  Block: Buckler           |    14 |    10 ||    24
